 Dungeon Crawl Stone Soup version 0.24-a0-317-g5cb8de4 (webtiles) character file.

Game seed: 17917152095604676728

3663 mhoghedin the Transmogrifier (level 9, -3/70 HPs)
             Began as a Demigod Assassin on May 16, 2019.
             Slain by an ice beast (11 damage)
             ... on level 8 of the Dungeon.
             The game lasted 00:23:39 (9380 turns).

mhoghedin the Transmogrifier (Demigod Assassin)     Turns: 9380, Time: 00:23:40

Health: -3/70      AC:  7    Str: 20    XL:     9   Next: 58%
Magic:  8/13       EV: 12    Int: 19    God:
Gold:   559        SH:  0    Dex: 23    Spells: 2/10 levels left

rFire    . . .     SeeInvis .     - Unarmed
rCold    . . .     Gourm    .   (shield currently unavailable)
rNeg     . . .     Faith    .   n - +3 ring mail
rPois    .         Spirit   .   (helmet restricted)
rElec    .         Reflect  .   c - +0 cloak
rCorr    .         Harm     .   (gloves currently unavailable)
MR       .....                  (no boots)
Stlth    +++.......             (no amulet)
HPRegen  0.21/turn              k - +4 ring of intelligence
MPRegen  0.13/turn              t - +4 ring of dexterity

@: blade hands
A: antennae 1, agile 1, deformed body, high mp 1
a: End Transformation


You were on level 8 of the Dungeon.
You were not hungry.
You had blades for hands.
You visited 1 branch of the dungeon, and saw 8 of its levels.

You collected 559 gold pieces.

Inventory:

Hand Weapons
 a - a +3 dagger
 b - a +0 short sword of freezing (melded)
   (You found it on level 6 of the Dungeon)
Missiles
 d - 33 poisoned darts (quivered)
 q - 64 arrows
Armour
 c - a +0 cloak (worn)
 n - a +3 ring mail (worn)
   (You found it on level 1 of the Dungeon)
 w - a +0 pair of boots
   (You found it on level 5 of the Dungeon)
Magical Staves
 s - an uncursed staff of poison {rPois}
   (You found it on level 3 of the Dungeon)
Jewellery
 k - a +4 ring of intelligence (left scythe-like blade)
   (You found it on level 2 of the Dungeon)
 m - an uncursed ring of flight {+Fly, !d}
   (You found it on level 2 of the Dungeon)
 t - a +4 ring of dexterity (right scythe-like blade)
   (You found it on level 4 of the Dungeon)
Wands
 x - a wand of flame (20)
   (You found it on level 7 of the Dungeon)
Scrolls
 g - 3 scrolls of teleportation
 h - a scroll of enchant weapon
 i - a scroll of blinking {unknown}
 l - 2 scrolls of magic mapping {!r}
 o - 4 scrolls of remove curse
 p - 3 scrolls of identify
 r - 2 scrolls of vulnerability {unknown}
Potions
 j - a potion of curing
 u - 4 potions of flight
 v - 3 potions of haste
Comestibles
 f - 15 rations


   Skills:
 - Level 3.3 Fighting
 - Level 3.2 Short Blades
 - Level 2.9 Throwing
 - Level 2.1 Armour
 - Level 2.3 Dodging
 - Level 4.8 Stealth
 + Level 1.1 Unarmed Combat
 - Level 1.1 Spellcasting
 - Level 3.7 Hexes
 - Level 10.2 Transmutations


You had 2 spell levels left.
You knew the following spells:

 Your Spells              Type           Power        Failure   Level  Hunger
a - Confusing Touch       Hex            ###...       38%         1    ##.....
s - Sticks to Snakes      Tmut           #####...     13%         2    ###....
x - Blade Hands           Tmut           #####.....   52%         5    ######.

Your spell library contained the following spells:

 Spells                   Type           Power        Failure   Level  Hunger
 Beastly Appendage        Tmut           #####.       12%         1    ##.....
 Animate Skeleton         Necr           N/A          73%         1    ##.....
 Apportation              Tloc           #.....       73%         1    ##.....
 Summon Small Mammal      Summ           #...         73%         1    ##.....
 Spider Form              Tmut/Pois      ###.......   50%         3    ####...
 Ice Form                 Ice/Tmut       ###.....     78%         4    #####..


Dungeon Overview and Level Annotations

Branches:
Dungeon (8/15)             Temple (0/1) D:7
   Lair: D:8-11

Shops:
D:6 !


Innate Abilities, Weirdness & Mutations

You have an increased reservoir of magic. (+10% MP)
You have a pair of small antennae on your head.
You are agile. (Dex +2)
Armour fits poorly on your strangely shaped body.


Message History

You hit the iguana but do no damage. The iguana bites you.
You take 3 damage, and have 52/70 hp.
You hit the iguana. You hit the iguana.
You kill the iguana!
Wield which item (- for none, * to show all)? (? for menu, Esc to quit)
Your +0 short sword of freezing glows with a cold blue light!
b - a +0 short sword of freezing (weapon)
The crimson imp misses you.
You hit the crimson imp but do no damage.
The crimson imp hits you but does no damage.
The howler monkey skeleton hits you.
You take 2 damage, and have 50/70 hp.
You closely miss the crimson imp.
The howler monkey skeleton barely misses you.
The crimson imp hits you but does no damage.
You hit the crimson imp. You freeze the crimson imp.
The crimson imp blinks!
The howler monkey skeleton hits you.
You take 1 damage, and have 49/70 hp.
The crimson imp misses you.
You hit the crimson imp. You freeze the crimson imp.
The howler monkey skeleton closely misses you.
The crimson imp hits you.
You take 1 damage, and have 48/70 hp.
You hit the crimson imp but do no damage.
The howler monkey skeleton barely misses you.
The crimson imp hits you but does no damage.
You barely miss the crimson imp.
The howler monkey skeleton hits you but does no damage.
The crimson imp barely misses you.
You hit the crimson imp. You freeze the crimson imp.
You kill the crimson imp!
The howler monkey skeleton hits you.
You take 2 damage, and have 47/70 hp.
The worker ant zombie bites you but does no damage.
You barely miss the worker ant zombie. You hit the worker ant zombie.
The worker ant zombie barely misses you.
You hit the worker ant zombie.
The worker ant zombie closely misses you.
You hit the worker ant zombie. The worker ant zombie bites you.
You take 1 damage, and have 48/70 hp.
You hit the worker ant zombie. The worker ant zombie bites you.
You take 5 damage, and have 43/70 hp.
You hit the worker ant zombie.
The worker ant zombie closely misses you.
You hit the worker ant zombie.
You punch the worker ant zombie, but do no damage.
The worker ant zombie closely misses you.
You hit the worker ant zombie. The worker ant zombie bites you.
You take 4 damage, and have 40/70 hp.
You hit the worker ant zombie.
You destroy the worker ant zombie!
Throwing (i - inventory. (/) - cycle)
e - 3 curare-tipped darts (quivered)
Aim: a hound You throw a curare-tipped dart.
The curare-tipped dart misses the hound.
The curare-tipped dart hits the ice beast.
The hound misses you.
Throwing (i - inventory. (/) - cycle)
e - 2 curare-tipped darts (quivered)
Aim: a hound You throw a curare-tipped dart.
The curare-tipped dart closely misses the hound.
The curare-tipped dart hits the ice beast.
The hound bites you.
You take 2 damage, and have 38/70 hp.
Throwing (i - inventory. (/) - cycle)
e - a curare-tipped dart (quivered)
Aim: a hound You throw a curare-tipped dart.
The curare-tipped dart barely misses the hound.
The curare-tipped dart barely misses the ice beast.
The curare-tipped dart hits the howler monkey skeleton.
The hound bites you. The hound misses you.
You take 1 damage, and have 37/70 hp.
Aim: a hound The puff of flame hits the hound.
The hound closely misses you.
Aim: a hound (moderately wounded)
The puff of flame hits the hound!
The hound closely misses you. The hound barely misses you.
Aim: a hound (almost dead)
The puff of flame hits the hound.
You kill the hound!
Your Unarmed Combat skill increases to level 1!
Aim: an ice beast The puff of flame hits the ice beast.
The ice beast melts!
The ice beast hits you. The ice beast freezes you!
You take 12 damage, and have 25/70 hp.
Your hands turn into razor-sharp scythe blades.
Your +0 short sword of freezing melds into your body.
Your +0 short sword of freezing stops glowing.
The ice beast hits you. The ice beast freezes you!
* * * LOW HITPOINT WARNING * * *
You take 15 damage, and have 10/70 hp.
MASSIVE DAMAGE!!
You now have 8/13 mp.
The iguana hisses angrily.
You slice the ice beast!! The ice beast hits you.
* * * LOW HITPOINT WARNING * * *
The ice beast freezes you!
You die...

#..# #.##..##### #.# #.#..#
##.##......# #.# #.#..#
#.......##.# #.# # #.#..#
#[.##.#.##.# #.# # #.#..#
#..##.#.##.####.#####
#....####..##.#.............# #
##..((†....##.####[####.###.# #
#...###.#Z##.....l.....###.#
#######..##.###Y@......(..†......
.........### #.#######.#######...
.######Y.# #.. #.# #...
#..Y....## ##$ #.. #..# .########
#. ### #..# .# { .. ....# Z#{ #.
###..# .# #. ...# h# ##..#


You could see an ice beast, an iguana and a howler monkey skeleton.

Vanquished Creatures
  A two-headed ogre (D:7)
  The ghost of frenix the Caller, a novice DDSu (D:5)
  Prince Ribbit (D:7)
  Grinder (D:5)
  4 hogs (D:7)
  A human (D:7)
  Purgy (D:3)
  An ice beast (D:6)
  2 phantoms (D:7)
  2 centaurs (D:7)
  A bullfrog (D:8)
  A scorpion (D:7)
  3 howler monkeys
  2 crimson imps (D:8)
  3 hounds
  2 orc priests
  A centaur skeleton (D:7)
  2 jellies
  4 orc wizards
  An iguana (D:8)
  Terence (D:3)
  5 worker ants
  2 worker ant zombies
  3 gnolls (D:7)
  21 adders
  2 shadow imps
  An ooze (D:1)
  An adder skeleton (D:7)
  4 dart slugs
  11 leopard geckos
  19 orcs
  A ball python (D:4)
  6 giant cockroaches
  13 goblins
  5 hobgoblins
  18 jackals
  A quokka (D:6)
  9 bats
  9 frilled lizards
  8 kobolds
  10 rats
185 creatures vanquished.

Vanquished Creatures (collateral kills)
  A howler monkey (D:7)
1 creature vanquished.

Vanquished Creatures (others)
  An orc wizard (D:7)
1 creature vanquished.

Grand Total: 187 creatures vanquished

Notes
Turn   | Place    | Note
-------+----------+-------------------------------------------
     0 | D:1      | mhoghedin the Demigod Assassin began the quest for the Orb.
     0 | D:1      | Reached XP level 1. HP: 17/17 MP: 3/3
    50 | D:1      | Reached skill level 2 in Fighting
    50 | D:1      | Reached skill level 2 in Short Blades
   231 | D:1      | Reached XP level 2. HP: 24/24 MP: 4/4
   575 | D:1      | Reached skill level 4 in Stealth
   894 | D:1      | Reached XP level 3. HP: 30/30 MP: 5/5
  1103 | D:1      | Reached skill level 2 in Throwing
  1643 | D:2      | Reached skill level 1 in Dodging
  2231 | D:3      | Noticed Terence
  2237 | D:3      | Killed Terence
  2237 | D:3      | Reached XP level 4. HP: 37/37 MP: 6/6
  2349 | D:3      | Reached skill level 1 in Armour
  2566 | D:3      | Noticed Purgy
  2601 | D:3      | Gained mutation: You have a pair of small antennae on your
                  | head. [potion of mutation]
  2601 | D:3      | Gained mutation: Armour fits poorly on your strangely
                  | shaped body. [potion of mutation]
  2601 | D:3      | Gained mutation: You are agile. (Dex +2) [potion of
                  | mutation]
  2604 | D:3      | Reached XP level 5. HP: 44/44 MP: 7/7
  2610 | D:3      | Killed Purgy
  2610 | D:3      | Reached skill level 3 in Fighting
  2610 | D:3      | Reached skill level 3 in Short Blades
  2676 | D:3      | You fall through a shaft for 2 floors!
  2676 | D:5      | Entered Level 5 of the Dungeon
  2695 | D:5      | Found a runed translucent door.
  2697 | D:5      | Noticed frenix's ghost (novice DDSu)
  2756 | D:5      | Reached skill level 2 in Dodging
  2796 | D:5      | Found an opulent altar of Gozag.
  2834 | D:5      | Noticed Grinder
  2839 | D:5      | Paralysed by Grinder for 3 turns
  2845 | D:5      | HP: 10/45 [Grinder/nerve-wracking pain (8)]
  3250 | D:6      | Reached XP level 6. HP: 50/51 MP: 8/8
  3417 | D:6      | Reached skill level 2 in Armour
  3625 | D:6      | Learned a level 1 spell: Confusing Touch
  3651 | D:6      | Found Wiluach's Distillery.
  3933 | D:6      | Found a sacrificial altar of Ru.
  3980 | D:6      | Learned a level 2 spell: Sticks to Snakes
  4257 | D:5      | Found a glowing golden altar of the Shining One.
  4423 | D:4      | Reached skill level 1 in Hexes
  4423 | D:4      | Reached skill level 1 in Transmutations
  4473 | D:4      | Reached skill level 1 in Spellcasting
  4487 | D:4      | Reached XP level 7. HP: 14/57 MP: 11/11
  4488 | D:4      | HP: 14/57 [poisoned by a worker ant]
  4494 | D:4      | HP: 11/57 [poisoned by a worker ant]
  5391 | D:3      | Reached skill level 2 in Transmutations
  6162 | D:5      | Killed Grinder
  6162 | D:5      | Reached skill level 4 in Transmutations
  6699 | D:5      | Killed frenix's ghost
  6699 | D:5      | Reached skill level 5 in Transmutations
  6699 | D:5      | Reached XP level 8. HP: 30/63 MP: 9/12
  6709 | D:5      | Learned a level 5 spell: Blade Hands
  6932 | D:7      | Reached skill level 6 in Transmutations
  6941 | D:7      | Noticed a two-headed ogre
  6964 | D:7      | HP: 13/63 [hound (3)]
  6965 | D:7      | HP: 5/63 [acid (8)]
  6966 | D:7      | HP: 2/63 [hound (3)]
  7537 | D:7      | Found a staircase to the Ecumenical Temple.
  7630 | D:7      | Reached skill level 7 in Transmutations
  7771 | D:7      | Killed a two-headed ogre
  7771 | D:7      | Reached skill level 3 in Hexes
  7771 | D:7      | Reached skill level 8 in Transmutations
  7791 | D:7      | Reached XP level 9. HP: 53/70 MP: 10/13
  8268 | D:7      | Reached skill level 9 in Transmutations
  8833 | D:8      | Noticed Prince Ribbit
  8873 | D:8      | HP: 10/70 [Prince Ribbit (16)]
  8906 | D:7      | Killed Prince Ribbit
  8906 | D:7      | Reached skill level 10 in Transmutations
  9372 | D:8      | Reached skill level 1 in Unarmed Combat
  9376 | D:8      | HP: 10/70 [ice beast (14)]
  9380 | D:8      | Slain by an ice beast

Levels and vault maps discovered:
D:1:      dpeg_arrival_fog, layout_basic
D:2:      layout_basic, first_ration, minmay_circle_x
D:3:      minmay_bubble_buster, layout_loops_ring, uniq_purgy, uniq_terence
D:4:      layout_basic
D:5:      layout_basic, old_standard_altar, basic_altar, ebering_ghost_sewer_d,
          nicolae_ossuary_entry_ruins, grunt_ministairs_9,
          lemuel_another_geyser, uniq_grinder
D:6:      layout_rooms, serial_shops, nicolae_shop_statue_plus,
          nicolae_ru_path_of_blood
D:7:      layout_loops_ring, minmay_temple_entry_proselytizer, grunt_livestock
D:8:      layout_loops_ring, serial_shops, nicolae_shop_waterfront,
          uniq_gastronok, uniq_psyche, uniq_prince_ribbit1

Skill      XL: |  1  2  3  4  5  6  7  8  9 |
---------------+----------------------------+-----
Fighting       | 2 3 |  3.3
Short Blades   | 2 3 |  3.2
Stealth        | 4 |  4.8
Throwing       | 2 |  2.9
Dodging        | 1 2 |  2.3
Armour         | 1 2 |  2.1
Hexes          | 1 3 |  3.7
Transmutations | 1 5 8 10 | 10.2
Spellcasting   | 1 |  1.1
Unarmed Combat | 1 |  1.1

Action                   |  1- 3 |  4- 6 |  7- 9 || total
-------------------------+-------+-------+-------++-------
Melee: Dagger            |   120 |   146 |   359 ||   625
       Short sword       |       |    43 |    55 ||    98
       Staff             |       |       |     3 ||     3
       Unarmed           |       |       |     1 ||     1
       Punch             |       |       |     1 ||     1
Throw: Dart              |    59 |    30 |    45 ||   134
 Cast: Confusing Touch   |       |     1 |    26 ||    27
       Sticks to Snakes  |       |       |    12 ||    12
       Blade Hands       |       |       |     1 ||     1
Evoke: Wand              |       |       |    11 ||    11
  Use: Scroll            |     7 |     2 |     4 ||    13
       Potion            |       |     9 |     2 ||    11
 Stab: Sleeping          |     1 |     3 |    14 ||    18
       Distracted        |       |     1 |     1 ||     2
       Invisible         |       |     1 |       ||     1
       Confused          |       |       |    20 ||    20
  Eat: Chunk             |     3 |     2 |     7 ||    12
       Ration            |     1 |     1 |     3 ||     5
Armor: Robe              |    14 |       |       ||    14
       Ring mail         |    21 |    61 |   119 ||   201
Dodge: Dodged            |    84 |   127 |   194 ||   405

Table legend:
 A = Non-vault XP
 B = Vault XP
 C = Vault XP percentage of total XP
 D = Non-vault monster count
 E = Vault monster count
 F = Vault count percentage of total count
                 A         B        C        D         E       F
            +---------+---------+-------+---------+---------+-------
      Total |    3010 |    2224 |  42.5 |     154 |      33 |  17.6
            +---------+---------+-------+---------+---------+-------
        D:1 |      66 |       0 |   0.0 |      31 |       0 |   0.0
        D:2 |      35 |      10 |  22.2 |      13 |       5 |  27.8
        D:3 |     190 |     207 |  52.1 |      38 |      14 |  26.9
        D:4 |     200 |       0 |   0.0 |      13 |       0 |   0.0
        D:5 |      73 |     729 |  90.9 |      10 |       7 |  41.2
        D:6 |     274 |       0 |   0.0 |       9 |       0 |   0.0
        D:7 |    1824 |    1278 |  41.2 |      27 |       7 |  20.6
        D:8 |     348 |       0 |   0.0 |      13 |       0 |   0.0
            +---------+---------+-------+---------+---------+-------

Levels and vault maps discovered:
D:1:      dpeg_arrival_fog, layout_basic
D:2:      layout_basic, first_ration, minmay_circle_x
D:3:      minmay_bubble_buster, layout_loops_ring, uniq_purgy, uniq_terence
D:4:      layout_basic
D:5:      layout_basic, old_standard_altar, basic_altar, ebering_ghost_sewer_d,
          nicolae_ossuary_entry_ruins, grunt_ministairs_9,
          lemuel_another_geyser, uniq_grinder
D:6:      layout_rooms, serial_shops, nicolae_shop_statue_plus,
          nicolae_ru_path_of_blood
D:7:      layout_loops_ring, minmay_temple_entry_proselytizer, grunt_livestock
D:8:      layout_loops_ring, serial_shops, nicolae_shop_waterfront,
          uniq_gastronok, uniq_psyche, uniq_prince_ribbit1

Table legend:
 A = Turns spent in this place as a percentage of turns spent in the entire game.
 B = Non-inter-level travel turns spent in this place as a percentage of non-inter-level travel turns spent in the entire game.
 C = Inter-level travel turns spent in this place as a percentage of turns spent in this place.
 D = Turns resting spent in this place as a percentage of non-inter-level travel turns spent in this place.
 E = Turns spent auto-exploring this place as a percentage of non-inter-level travel turns spent in this place.
 F = Non-inter-level travel turns spent in this place divided by the number of levels of this place that you've seen.
                   A       B       C       D       E      F
               +-------+-------+-------+-------+-------+----------------------
         Total | 100.0 | 100.0 |   4.4 |  28.8 |  48.8 | 1121.0
       Dungeon | 100.0 | 100.0 |   4.4 |  28.8 |  48.8 | 1121.0
               +-------+-------+-------+-------+-------+----------------------

Table legend:
 A = Kills in this place as a percentage of kills in entire the game.
 B = Kills by you in this place as a percentage of kills by you in the entire game.
 C = Kills by friends in this place as a percentage of kills by friends in the entire game.
 D = Other kills in this place as a percentage of other kills in the entire game.
 E = Experience gained in this place as a percentage of experience gained in the entire game.
 F = Experience gained in this place divided by the number of levels of this place that you have seen.
                   A       B       C       D       E      F
               +-------+-------+-------+-------+-------+----------------------
         Total | 100.0 | 100.0 | 100.0 | 100.0 | 100.0 | 654.2
       Dungeon | 100.0 | 100.0 | 100.0 | 100.0 | 100.0 | 654.2
               +-------+-------+-------+-------+-------+----------------------
